 Dungeon Crawl Stone Soup version 0.24.0 (webtiles) character file.

Game seed: 14551754972076046322, levelgen mode: deterministic

100 Ayyar the Poker (level 4, -1/34 HPs)
             Began as a Demonspawn Gladiator on Apr 4, 2020.
             Was an Initiate of Qazlal.
             Slain by a gnoll
             ... wielding a +0 halberd
              (6 damage)
             ... on level 2 of the Dungeon on Apr 5, 2020.
             The game lasted 00:09:25 (1821 turns).

Ayyar the Poker (Demonspawn Gladiator)              Turns: 1821, Time: 00:09:26

Health: -1/34      AC:  5    Str: 17    XL:     4   Next: 46%
Magic:  0/4        EV: 12    Int: 10    God:    Qazlal [......]
Gold:   98         SH:  4    Dex: 14    Spells: 3/3 levels left

rFire    . . .     SeeInvis .   a - +0 trident
rCold    . . .     Gourm    .   l - +0 buckler
rNeg     . . .     Faith    .   b - +0 leather armour
rPois    .         Spirit   +   c - +0 helmet
rElec    .         Reflect  .   (no cloak)
rCorr    .         Harm     .   p - +0 pair of gloves
MR       .....                  (no boots)
Stlth    +.........             k - amulet of inaccuracy (curse)
HPRegen  0.11/turn              (no ring)
MPRegen  0.09/turn              (no ring)

@: no status effects
A: deterioration 1, strong 1, wild magic 1, magic shield
a: Renounce Religion


You were on level 2 of the Dungeon.
You worshipped Qazlal.
Qazlal was noncommittal.
You were not hungry.

You visited 1 branch of the dungeon, and saw 2 of its levels.

You collected 98 gold pieces.

Inventory:

Hand Weapons
 a - a +0 trident (weapon)
Missiles
 d - 4 throwing nets (quivered)
Armour
 b - a +0 leather armour (worn)
 c - a +0 helmet (worn)
 l - a +0 buckler (worn)
 p - a +0 pair of gloves (worn)
Jewellery
 i - an uncursed ring of magical power {unknown}
 k - a cursed amulet of inaccuracy (around neck)
Scrolls
 o - a scroll of enchant weapon {unknown}
 q - a scroll of identify {unknown}
 r - a scroll of enchant armour {unknown}
Potions
 e - a potion of agility {unknown}
 g - a potion of might {unknown}
 h - a potion of magic {unknown}
 m - a potion of brilliance {unknown}
Comestibles
 f - 8 rations


   Skills:
 + Level 2.6 Fighting
 * Level 3.5 Polearms
 + Level 2.4 Throwing
 + Level 3.2 Dodging
 + Level 0.8 Shields


You had 3 spell levels left.
You didn't know any spells.
Your spell library was empty.

Dungeon Overview and Level Annotations

Branches:
Dungeon (2/15)

Altars:
Elyvilon
Qazlal


Innate Abilities, Weirdness & Mutations

When hurt, damage is shared between your health and your magic reserves.
Your body sometimes deteriorates upon taking damage.
Your muscles are strong. (Str +2)
Your spells are a little harder to cast, but a little more powerful.


Message History

Press: ? - help, Dir - move target cursor, f/p - gnoll
Aim: a gnoll, wielding a +0 halberd (heavily wounded)
You reach to attack!
You barely miss the gnoll.
The gnoll is heavily wounded.
The gnoll hits you but does no damage. x2
Attack whom?
Press: ? - help, Dir - move target cursor, f/p - gnoll
Aim: a gnoll, wielding a +0 halberd (heavily wounded)
You reach to attack!
You barely miss the gnoll.
The gnoll is heavily wounded.
The gnoll hits you from afar with a +0 halberd!
* * * LOW HITPOINT WARNING * * *
The gnoll closely misses you.
Attack whom?
Press: ? - help, Dir - move target cursor, f/p - gnoll
Aim: a gnoll, wielding a +0 halberd (heavily wounded)
You reach to attack!
You miss the gnoll.
The gnoll is heavily wounded.
The gnoll hits you from afar with a +0 halberd.
You die...

#g. ...# #.# . #..# #.#
#.# #..# #.# #.# #..#
#.#### #.###..# #....#
#.....# #....#
#.....#####
#....####.........#
#....g.@g.........#
###.###...........######
#...............#.....
#######............###
#...............
#.........#####.
##..###.### ##.
##.###...# #..
##..##..#.#####.#


You could see 2 gnolls.

Vanquished Creatures
  A gnoll (D:2)
  3 adders
  An ooze (D:2)
  A worm (D:2)
  4 dart slugs
  A giant cockroach (D:1)
  4 goblins
  4 hobgoblins
  4 jackals (D:1)
  A quokka (D:2)
  7 bats
  A frilled lizard (D:1)
  8 kobolds
  7 rats
47 creatures vanquished.

Notes
Turn   | Place    | Note
-------+----------+-------------------------------------------
     0 | D:1      | Ayyar the Demonspawn Gladiator began the quest for the Orb.
     0 | D:1      | Reached XP level 1. HP: 16/16 MP: 1/1
   147 | D:1      | Gained mutation: When hurt, damage is shared between your
                  | health and your magic reserves. [demonic ancestry]
   147 | D:1      | Reached XP level 2. HP: 22/22 MP: 2/2
   805 | D:1      | Reached XP level 3. HP: 27/28 MP: 3/3
  1075 | D:2      | Found a white marble altar of Elyvilon.
  1389 | D:2      | Reached XP level 4. HP: 18/34 MP: 2/4
  1659 | D:2      | Found a stormy altar of Qazlal.
  1665 | D:2      | Became a worshipper of Qazlal Stormbringer
  1813 | D:2      | HP: 1/34 [gnoll/+0 halberd (2)]
  1814 | D:2      | Gained mutation: Your body sometimes deteriorates upon
                  | taking damage. [potion of mutation]
  1814 | D:2      | Gained mutation: Your spells are a little harder to cast,
                  | but a little more powerful. [potion of mutation]
  1814 | D:2      | Gained mutation: Your muscles are strong. (Str +2) [potion
                  | of mutation]
  1821 | D:2      | Slain by a gnoll

Levels and vault maps discovered:
D:1:      onia_arrival_pentagram, layout_loops_ring
D:2:      layout_rooms, elyvilon_altar_4, grunt_qazlal_clouds, minivault_24
